 Dungeon Crawl Stone Soup version 0.18-a0-1539-g1c7284a (webtiles) character file.

177 Kidiri the Skirmisher (level 5, -1/47 HPs)
             Began as a Draconian Chaos Knight on Mar 9, 2016.
             Succumbed to Jano's ghost's poison
             ... on level 3 of the Dungeon.
             The game lasted 00:08:20 (2510 turns).

Kidiri the Skirmisher (Draconian Chaos Knight)      Turns: 2510, Time: 00:08:21

Health: -1/47      AC:  5    Str: 15    XL:     5   Next: 31%
Magic:  5/5        EV: 12    Int: 13    God:    Xom [*.....]
Gold:   67         SH:  0    Dex: 10    Spells: 0 memorised, 4 levels left

rFire  + . .     SeeInvis .     a - +0 hand axe (chaos)
rCold  x . .     Gourm    .     (armour unavailable)
rNeg   . . .     Faith    .     (no shield)
rPois  .         Spirit   .     (helmet restricted)
rElec  .         Dismiss  .     (no cloak)
rCorr  +         Reflect  .     (no gloves)
SustAt .         Harm     .     (no boots)
MR     .....                    (no amulet)
Stlth  +.........               r - ring of fire
                                n - ring of resist corrosion

@: lethally poisoned (-1 -> -25), glowing, not resistant to hostile
enchantments, very unstealthy
A: unfitting armour, cold-blooded, AC +5
a: Renounce Religion


You were on level 3 of the Dungeon.
You worshipped Xom.
You were a special plaything of Xom.
You were hungry.

You visited 1 branch of the dungeon, and saw 3 of its levels.

You collected 67 gold pieces.

Inventory:

Hand Weapons
 a - a +0 hand axe of chaos (weapon)
Missiles
 d - 71 stones (quivered)
Jewellery
 n - a ring of resist corrosion (left hand)
 r - a ring of fire (right hand)
Wands
 k - a wand of flame (33/48)
 t - a wand of lightning (5/15)
Scrolls
 e - 3 scrolls of remove curse {unknown}
 f - 3 scrolls of identify {unknown}
 h - a scroll of enchant armour {unknown}
 j - 2 scrolls of immolation {unknown}
 o - a scroll of amnesia {unknown}
 q - a scroll of teleportation {unknown}
 u - a scroll of enchant weapon {unknown}
Potions
 m - 2 potions of lignification {unknown}
 p - a potion of curing {unknown}
 s - a potion of flight {unknown}
Comestibles
 b - 3 bread rations
 c - 4 fruits
 g - 4 chunks of flesh
 i - a meat ration
 l - 2 slices of pizza


   Skills:
 * Level 4.3 Fighting
 * Level 4.1 Axes
 + Level 1.7 Throwing
 * Level 3.2 Dodging


You had 4 spell levels left.
You didn't know any spells.

Dungeon Overview and Level Annotations

Branches:
Dungeon (3/15)

Altars:
Kikubaaqudgha
Xom

Annotations:
D:3 Jano's ghost, amateur SpEn


Innate Abilities, Weirdness & Mutations

Your plain brown scales are hard (AC +5).
Your body does not fit into most forms of armour.
You are cold-blooded and may be slowed by cold attacks.


Message History

* * * LOW HITPOINT WARNING * * *
You feel sick. Something hits you but does no damage.
You are more poisoned.
You hit something but do no damage.
* * * LOW HITPOINT WARNING * * *
You feel very sick. Something hits you but does no damage.
You completely miss something.
* * * LOW HITPOINT WARNING * * *
You feel very sick.
You hear some strange, mumbled words.
Something tries to affect you, but you resist.
You miss something.
Your tail-slap misses something.
* * * LOW HITPOINT WARNING * * *
You feel sick.
You hear some strange, mumbled words.
Something tries to affect you, but you resist.
You closely miss something.
You die...
Xom guffaws!

#..........#
#..........#
#####.###### #.#
#.# #.# #.#
###############.#
#......@{.......#
#.###############


There were no monsters in sight!

Vanquished Creatures
  An orc wizard (D:3)
  A gnoll (D:3)
  6 adders
  An ooze (D:2)
  3 worms
  2 dart slugs
  4 giant geckos
  2 orcs (D:3)
  A ball python (D:1)
  2 giant cockroaches
  11 goblins
  10 hobgoblins
  3 kobolds
  A quokka (D:2)
  8 bats
  3 giant newts (D:1)
  3 rats
62 creatures vanquished.

Vanquished Creatures (collateral kills)
  An orc wizard (D:3)
  An orc (D:3)
2 creatures vanquished.

Grand Total: 64 creatures vanquished

Notes
Turn   | Place    | Note
--------------------------------------------------------------
     0 | D:1      | Kidiri the Draconian Chaos Knight began the quest for the Orb.
     0 | D:1      | Reached XP level 1. HP: 19/19 MP: 1/1
   105 | D:1      | Reached XP level 2. HP: 20/26 MP: 2/2
   271 | D:1      | XOM: divination: detect items
   768 | D:2      | Reached XP level 3. HP: 31/31 MP: 3/3
   957 | D:2      | Reached skill level 1 in Throwing
   992 | D:2      | Found an ancient bone altar of Kikubaaqudgha.
  1095 | D:2      | Reached XP level 4. HP: 27/40 MP: 4/4
  1143 | D:2      | XOM: divination: detect items
  1384 | D:2      | XOM: mild Summ miscast
  1385 | D:2      | Noticed a spatial vortex
  1492 | D:2      | XOM: harmless Hex miscast
  1529 | D:2      | XOM: divination: detect creatures
  1847 | D:3      | XOM: scenery: create altars
  1968 | D:3      | XOM: silly message
  2067 | D:3      | XOM: colour smoke trail
  2253 | D:3      | Reached XP level 5. HP: 46/46 MP: 5/5
  2273 | D:3      | XOM: summons 3 friendly demons
  2483 | D:3      | Noticed Jano's ghost (amateur SpEn)
  2491 | D:3      | XOM: enchant monster (bad)
  2509 | D:3      | HP: 2/47 [poisoned by Jano's ghost]
  2510 | D:3      | Succumbed to Jano's ghost's poison

Vault maps used:
D:1:      dpeg_arrival_line_fractal, serial_bayou_pond_e, nrook_mini_backslash
D:2:      lemuel_upstairs_altar, kiku_gazebo_pond_becter, serial_bayou_lake_a
D:3:      gammafunk_temple_overflow_pools, first_bread

Skill      XL: |  1  2  3  4 |
---------------+-------------+-----
Throwing       | 1 |  1.7
Dodging        | 3 |  3.2
Fighting       | 4 |  4.3
Axes           | 4 |  4.1

Action                   |  1- 3 |  4- 6 || total
-------------------------+-------+-------++-------
Melee: Hand axe          |   107 |   137 ||   244
Throw: Stone             |       |     9 ||     9
Evoke: Wand              |       |     3 ||     3
 Stab: Sleeping          |     1 |     1 ||     2
       Confused          |       |     1 ||     1
  Eat: Chunk             |     1 |     4 ||     5
